 Dungeon Crawl Stone Soup version 0.30-a0-603-g51a0fb1b98 (webtiles) character file.

Game seed: 17739626706684951390

4 Leeroy the Conjurer (level 1, 0/12 HPs)
             Began as a Tengu Reaver on Jan 7, 2023.
             Slain by a jackal (1 damage)
             ... on level 1 of the Dungeon.
             The game lasted 00:00:29 (39 turns).

Leeroy the Conjurer (Tengu Reaver)                    Turns: 39, Time: 00:00:30

Health: 0/12       AC:  3    Str: 12    XL:     1   Next: 70%
Magic:  4/4        EV: 11    Int: 13    God:
Gold:   0          SH:  0    Dex: 12    Spells: 3/4 levels left

rFire   . . .      SeeInvis .    a - +0 falchion
rCold   . . .      Faith    .    (no shield)
rNeg    . . .      Spirit   .    b - +0 leather armour
rPois   .          Reflect  .    (helmet restricted)
rElec   .          Harm     .    (no cloak)
rCorr   .          Rampage  .    (no gloves)
Will    .....                    (boots unavailable)
Stlth   +                        (no amulet)
HPRegen 0.22/turn                (no ring)
MPRegen 0.09/turn                (no ring)

@: no status effects
A: beak, talons 3
a: no special abilities


You were on level 1 of the Dungeon.
You visited 1 branch of the dungeon, and saw 1 of its levels.

Inventory:

Hand Weapons
 a - a +0 falchion (weapon)
Armour
 b - a +0 leather armour (worn)
Potions
 c - a potion of curing {unknown}


   Skills:
 - Level 2.0 Fighting
 + Level 3.7 Long Blades
 - Level 2.1 Dodging
 - Level 2.0 Spellcasting
 - Level 4.0 Conjurations


You had 3 spell levels left.
You knew the following spells:

 Your Spells              Type           Power      Damage    Failure   Level
a - Kiss of Death         Conj/Necr      24%        2d7       14%         1

Your spell library contained the following spells:

 Spells                   Type           Power      Damage    Failure   Level
 Momentum Strike          Conj/Tloc      12%        3d8       22%         2
 Hailstorm                Conj/Ice       6%         3d4       38%         3


Dungeon Overview and Level Annotations

Branches:
Dungeon (1/15)

Altars:


Innate Abilities, Weirdness & Mutations

You have a beak for a mouth.
You have claws for feet.


Message History

You hit the jackal.
You kill the jackal!
The jackal barely misses you. The jackal misses you.
You closely miss the jackal. Your peck misses the jackal.
The jackal closely misses you. The jackal bites you.
The jackal barely misses you. The jackal misses you.
You hit the jackal but do no damage.
The jackal bites you but does no damage. x2
The jackal misses you. The jackal barely misses you.
The jackal completely misses you. The jackal barely misses you.
You hit the jackal but do no damage. The jackal barely misses you.
The jackal bites you but does no damage.
The jackal bites you. The jackal closely misses you.
You hit the jackal but do no damage. The jackal barely misses you. x2
The jackal closely misses you.
The jackal bites you but does no damage.
The jackal misses you.
You hit the jackal. You claw the jackal.
You kill the jackal!
The jackal bites you but does no damage.
The jackal barely misses you. The jackal closely misses you.
You barely miss the jackal. Your peck misses the jackal. The jackal bites you.
The jackal closely misses you. The jackal barely misses you.
You closely miss the jackal. The jackal bites you. x2
The jackal barely misses you.
You are too injured to fight recklessly!
You are too injured to fight recklessly!
You are too injured to fight recklessly!
You are too injured to fight recklessly!
You are too injured to fight recklessly!
You barely miss the jackal. You claw the jackal, but do no damage.
The jackal bites you.
* * * LOW HITPOINT WARNING * * *
The jackal bites you.
* * * LOW HITPOINT WARNING * * *
The jackal bites you.
* * * LOW HITPOINT WARNING * * *
You closely miss the jackal. The jackal closely misses you.
The jackal bites you.
You die...

##...PPP ... ##....PP♣
..#.####.....PP♣♣♣
....#.....P...P..♣
....$...P⌠⌠....<.♣P..
......P^♣P....P..P^..#
......P♣♣.).bP♣.^..#.#
#.⌠.h♣.P)..P♣.P....
#.h@.♣P.....P....#
###⌠.P...8.P..####
####....##### ##.....
#..###. #..# .... ..


You could see 2 jackals.

Vanquished Creatures
  2 goblins (D:1)
  2 jackals (D:1)
4 creatures vanquished.

Notes
Turn   | Place    | Note
-------+----------+-------------------------------------------
     0 | D:1      | Leeroy the Tengu Reaver began the quest for the Orb.
     0 | D:1      | Reached XP level 1. HP: 12/12 MP: 4/4
    39 | D:1      | Slain by a jackal

Illustrated notes

Levels and vault maps discovered:
D:1:      spicycebolla_arrival_clurvy, layout_loops_cross, patterned_corridor

Action                   || total
-------------------------++-------
Melee: Falchion          ||    21
       Kick              ||     6
Armor: Leather armour    ||    10
Dodge: Dodged            ||    33

Table legend: (Time is in decaauts)
 A = Elapsed time spent in this place.
 B = Non-inter-level travel time spent in this place.
 C = Inter-level travel time spent in this place.
 D = Time resting spent in this place.
 E = Time spent auto-exploring this place.
 F = Levels seen in this place.
 G = Mean time per level.
                   A        B        C        D        E       F      G
               +--------+--------+--------+--------+--------+-----+--------+
         Total |     41 |     41 |      0 |      0 |      5 |   1 |   41.0 |
       Dungeon |     41 |     41 |      0 |      0 |      5 |   1 |   41.0 |
               +--------+--------+--------+--------+--------+-----+--------+

Top non-repeatable levels by time:
     D:1: 41 daAuts
